 Dungeon Crawl Stone Soup version 0.25-a0-1130-g3926558f3a (webtiles) character file.

Game seed: 5568156957185191204, levelgen mode: deterministic

48 kae the Insei (level 3, 0/23 HPs)
             Began as an Octopode Transmuter on May 19, 2020.
             Slain by a goblin
             ... wielding a +0 club
              (4 damage)
             ... on level 2 of the Dungeon.
             The game lasted 00:01:19 (1827 turns).

kae the Insei (Octopode Transmuter)                 Turns: 1827, Time: 00:01:19

Health: 0/23       AC:  1    Str: 10    XL:     3   Next: 72%
Magic:  6/6        EV: 13    Int: 15    God:
Gold:   72         SH:  0    Dex: 12    Spells: 5/6 levels left

rFire    . . .     SeeInvis .     - Unarmed
rCold    . . .     Gourm    .   (no shield)
rNeg     . . .     Faith    .   (helmet restricted)
rPois    .         Spirit   .   (no amulet)
rElec    .         Reflect  .   (no ring)
rCorr    .         Harm     .   (no ring)
MR       .....                  (no ring)
Stlth    ++........             (no ring)
HPRegen  0.07/turn              (no ring)
MPRegen  0.10/turn              (no ring)
                                (no ring)
                                (no ring)

@: lethally poisoned (0 -> -5), appendage (expiring)
A: almost no armour, stealthy swim, amphibious, 8 rings, constrict 8, tentacle
spike 3, camouflage 1, gelatinous body 1
a: End Transformation


You were on level 2 of the Dungeon.
You were not hungry.
One of your tentacles had a temporary spike.
You visited 1 branch of the dungeon, and saw 2 of its levels.

You collected 72 gold pieces.

Inventory:

Missiles
 a - 12 arrows
Jewellery
 d - an uncursed ring of fire {unknown}
Scrolls
 b - a scroll of enchant armour {unknown}
 e - 2 scrolls of teleportation {unknown}
Comestibles
 c - a ration


   Skills:
 - Level 1.0 Fighting
 - Level 2.0 Dodging
 * Level 3.7 Unarmed Combat
 + Level 2.4 Spellcasting
 * Level 2.9 Transmutations


You had 5 spell levels left.
You knew the following spells:

 Your Spells              Type           Power        Failure   Level  Hunger
a - Beastly Appendage     Tmut           ##....       6%          1    #......

Your spell library contained the following spells:

 Spells                   Type           Power        Failure   Level  Hunger
 Sticks to Snakes         Tmut           ##......     10%         2    ###....
 Spider Form              Tmut/Pois      #.........   34%         3    ###....
 Ice Form                 Ice/Tmut       #.......     75%         4    #####..
 Blade Hands              Tmut           ##........   87%         5    ######.


Dungeon Overview and Level Annotations

Branches:
Dungeon (2/15)

Altars:


Innate Abilities, Weirdness & Mutations

You cannot wear most types of armour.
You are very stealthy in the water. (Stealth+)
You are amphibious.
You can wear up to eight rings at the same time.
You can use your tentacles to constrict eight enemies at once.
Your skin changes colour to match your surroundings (Stealth+).
Your rubbery body absorbs attacks. (AC +1, EV +1)
One of your tentacles bears a large vicious spike.


Message History

Okay, then.
A goblin comes into view. It is wielding a +0 club.
You feel sick.
Found 14 gold pieces.
You feel sick.
You feel sick.
You feel sick.
Your magical contamination has completely faded away.
Found a stone staircase leading down.
* * * LOW HITPOINT WARNING * * *
You feel sick.
* * * LOW HITPOINT WARNING * * *
You feel sick.
Your transformation is almost over.
* * * LOW HITPOINT WARNING * * *
You feel sick.
You see here 14 gold pieces.
* * * LOW HITPOINT WARNING * * *
You feel sick. The goblin hits you with a +0 club.
You die...

#### ..# #.# ####@#####
#>.g$....# ### ####
#.##.###.# #.. ....#
#.##(###.# #.# .##.#
#.##..##.# #.##.##.#
##.###.##.# #.#..##.#
####...##.##.####....##.#
+.......................+
####.......%.####..###รท.#


You could see a goblin.

Vanquished Creatures
  An adder (D:2)
  2 oozes (D:1)
  An orc (D:2)
  A giant cockroach (D:1)
  A goblin (D:1)
  6 hobgoblins (D:1)
  4 jackals
  4 kobolds (D:1)
  A quokka (D:2)
  2 ball pythons (D:1)
  2 bats (D:1)
  A frilled lizard (D:1)
  3 rats (D:1)
29 creatures vanquished.

Notes
Turn   | Place    | Note
-------+----------+-------------------------------------------
     0 | D:1      | kae the Octopode Transmuter began the quest for the Orb.
     0 | D:1      | Reached XP level 1. HP: 13/13 MP: 3/3
   163 | D:1      | Reached XP level 2. HP: 14/18 MP: 3/5
  1085 | D:1      | Reached XP level 3. HP: 11/23 MP: 4/6
  1827 | D:2      | Slain by a goblin

Illustrated notes

Levels and vault maps discovered:
D:1:      dpeg_arrival_rooms_b, layout_basic, minmay_shallow_snake_nest
D:2:      layout_loops_corners, first_ration

Action                   || total
-------------------------++-------
Melee: Unarmed           ||    61
       Constrict         ||    18
       Tentacles         ||    10
       Punch             ||     1
       Kick              ||    12
 Cast: Beastly Appendage ||    15
 Stab: Sleeping          ||     1
  Eat: Chunk             ||     3
Armor: Skin              ||    11
Dodge: Dodged            ||    35

Table legend:
 A = Non-vault XP
 B = Vault XP
 C = Vault XP percentage of total XP
 D = Non-vault monster count
 E = Vault monster count
 F = Vault count percentage of total count
                 A         B        C        D         E       F
            +---------+---------+-------+---------+---------+-------
      Total |      68 |       1 |   1.4 |      28 |       1 |   3.4
            +---------+---------+-------+---------+---------+-------
        D:1 |      45 |       1 |   2.2 |      23 |       1 |   4.2
        D:2 |      23 |       0 |   0.0 |       5 |       0 |   0.0
            +---------+---------+-------+---------+---------+-------
